IL
GWINNETT BRAVES @ TOLEDO MUD HENS
05/14/2099
 
TOP OF THE 1ST
Gwinnett Braves batting - Pitching for Toledo Mud Hens : LHP Bryan Curry
Pitching: LHP Bryan Curry
Batting: LHB Rob Swope 0-0: Called Strike
0-1: Foul Ball, location: 2F
0-2: Ball
1-2: Strikes out swinging
Batting: RHB Adam Brading 0-0: Called Strike
0-1: Ball
1-1: Ball
2-1: Ball
3-1: Base on Balls
Batting: LHB Casey Faler 0-0: Ball
1-0: Foul Ball, location: 7LMF
1-1: Fly out, F4 (Popup, 4, EV 59.4 MPH)
Batting: RHB Arthur Dennis 0-0: Ball
1-0: 2-RUN HOME RUN (Line Drive, 9D, EV 105.6 MPH), Distance : 371 ft
Batting: SHB Oscar Ramirez 0-0: Called Strike
0-1: Ball
1-1: Ball
2-1: Foul Ball, location: 3FF
2-2: Ball
3-2: Base on Balls
Batting: RHB Dave Foley 0-0: Ball
1-0: Called Strike
1-1: Called Strike
1-2: Strikes out swinging
Top of the 1st over - 2 runs, 1 hit, 0 errors, 1 left on base; Gwinnett 2 - Toledo 0
BOTTOM OF THE 1ST
Toledo Mud Hens batting - Pitching for Gwinnett Braves : RHP Clodio Benido
Pitching: RHP Clodio Benido
Batting: LHB Mike Mendoza 0-0: Ball
1-0: Fly out, F4 (Line Drive, 4M, EV 71.3 MPH)
Batting: LHB Nick Penix 0-0: Called Strike
0-1: Foul Ball, location: 2F
0-2: Ball
1-2: Strikes out swinging
Batting: LHB Marcus Peterson 0-0: Foul Ball, location: 7LDF
0-1: Foul Ball, location: 7LSF
0-2: Strikes out swinging
Bottom of the 1st over - 0 runs, 0 hits, 0 errors, 0 left on base; Gwinnett 2 - Toledo 0
TOP OF THE 2ND
Gwinnett Braves batting - Pitching for Toledo Mud Hens : LHP Bryan Curry
Batting: LHB John Simon 0-0: Fly out, F7 (Flyball, 78S, EV 96.9 MPH)
Batting: LHB David Ploski 0-0: SINGLE (Line Drive, 9LS, EV 104.4 MPH)
Batting: RHB Tim Grabowski 0-0: Called Strike
0-1: SINGLE (Line Drive, 4M, EV 98.1 MPH)
David Ploski to second
Batting: LHB Rob Swope 0-0: Grounds into double play, 4-6-3 (Groundball, 34, EV 85.6 MPH)
Top of the 2nd over - 0 runs, 2 hits, 0 errors, 1 left on base; Gwinnett 2 - Toledo 0
BOTTOM OF THE 2ND
Toledo Mud Hens batting - Pitching for Gwinnett Braves : RHP Clodio Benido
Batting: RHB Jon Robinson 0-0: Called Strike
0-1: Ball
1-1: Fly out, F9 (Line Drive, 89M, EV 91.9 MPH)
Batting: LHB Dave Ruiz 0-0: Foul Ball, location: 2F
0-1: Ball
1-1: Ball
2-1: Foul Ball, location: 9LSF
2-2: Foul Ball, location: 9LDF
2-2: Strikes out swinging
Batting: LHB John Castaneda 0-0: Reached via error on a dropped throw from P, E3 (Groundball, 13S, EV 70.6 MPH)
Batting: LHB Justin Kenworthy 0-0: Called Strike
0-1: Ball
1-1: Foul Ball, location: 2F
1-2: Ball
John Castaneda steals 2nd base
2-2: Ground out 4-3 (Groundball, 4, EV 86.3 MPH)
Bottom of the 2nd over - 0 runs, 0 hits, 1 error, 1 left on base; Gwinnett 2 - Toledo 0
TOP OF THE 3RD
Gwinnett Braves batting - Pitching for Toledo Mud Hens : LHP Bryan Curry
Batting: RHB Adam Brading 0-0: Ball
1-0: Foul Ball, location: 2F
1-1: Ground out U3 (Groundball, 3S, EV 83.1 MPH)
Batting: LHB Casey Faler 0-0: Ball
1-0: Ball
2-0: Called Strike
2-1: Called Strike
2-2: Hit by Pitch
Batting: RHB Arthur Dennis 0-0: Called Strike
0-1: SINGLE (Groundball, 34D, EV 106.3 MPH)
Casey Faler to second
Runner from 2nd tries for 3rd, SAFE, throw by RF made to third
Batting: SHB Oscar Ramirez 0-0: Called Strike
0-1: Ball
1-1: Swinging Strike
1-2: Foul Ball, location: 2F
1-2: Fly out, F8 (Flyball, 8LD, EV 106.9 MPH)
Runner from 3rd tags up, SCORES, throw by CF
Batting: RHB Dave Foley 0-0: Ball
1-0: Ball
2-0: Fly out, F3 (Popup, 34S, EV 86.3 MPH)
Top of the 3rd over - 1 run, 1 hit, 0 errors, 1 left on base; Gwinnett 3 - Toledo 0
BOTTOM OF THE 3RD
Toledo Mud Hens batting - Pitching for Gwinnett Braves : RHP Clodio Benido
Batting: LHB Chris Johnson 0-0: Foul Ball, location: 9LMF
0-1: Foul Ball, location: 2F
0-2: Strikes out looking
Batting: RHB Joe Markwood 0-0: Called Strike
0-1: Foul Ball, location: 2LF
0-2: Strikes out swinging
Batting: LHB Mike Mendoza 0-0: Ball
1-0: Called Strike
1-1: Ball
2-1: Foul Ball, location: 2F
2-2: Ball
3-2: SOLO HOME RUN (Flyball, 9LD, EV 91.3 MPH), Distance : 344 ft
Batting: LHB Nick Penix 0-0: Called Strike
0-1: Fly out, F3 (Popup, 23F, EV 86.3 MPH)
Bottom of the 3rd over - 1 run, 1 hit, 0 errors, 0 left on base; Gwinnett 3 - Toledo 1
TOP OF THE 4TH
Gwinnett Braves batting - Pitching for Toledo Mud Hens : LHP Bryan Curry
Batting: LHB John Simon 0-0: Ball
1-0: Swinging Strike
1-1: Foul Ball, location: 5SF
1-2: Ball
2-2: Fly out, F7 (Flyball, 78M, EV 93.8 MPH)
Batting: LHB David Ploski 0-0: Called Strike
0-1: Called Strike
0-2: Foul Ball, location: 5SF
0-2: Ground out U3 (Groundball, 34S, EV 86.3 MPH)
Batting: RHB Tim Grabowski 0-0: Ball
1-0: Ball
2-0: Ball
3-0: Called Strike
3-1: Base on Balls
Batting: LHB Rob Swope 0-0: Ground out 4-3 (Groundball, 34D, EV 101.3 MPH)
Top of the 4th over - 0 runs, 0 hits, 0 errors, 1 left on base; Gwinnett 3 - Toledo 1
BOTTOM OF THE 4TH
Toledo Mud Hens batting - Pitching for Gwinnett Braves : RHP Clodio Benido
Batting: LHB Marcus Peterson 0-0: Swinging Strike
0-1: Ball
1-1: Ball
2-1: Ball
3-1: Fly out, F6 (Popup, 56, EV 76.9 MPH)
Batting: RHB Jon Robinson 0-0: Ball
1-0: Ball
2-0: Called Strike
2-1: Ball
3-1: Foul Ball, location: 25F
3-2: Base on Balls
Batting: LHB Dave Ruiz 0-0: Called Strike
0-1: Ball
1-1: Called Strike
1-2: Ball
2-2: Ball
3-2: Strikes out swinging
Batting: LHB John Castaneda 0-0: Called Strike
0-1: Swinging Strike
0-2: Hit by Pitch
Jon Robinson to second
Batting: LHB Justin Kenworthy 0-0: Called Strike
0-1: Ball
1-1: Foul Ball, location: 7LMF
1-2: 3-RUN HOME RUN (Flyball, 89XD, EV 109.4 MPH), Distance : 413 ft
Batting: LHB Chris Johnson 0-0: Fly out, F7 (Line Drive, 78M, EV 90.6 MPH)
Bottom of the 4th over - 3 runs, 1 hit, 0 errors, 0 left on base; Gwinnett 3 - Toledo 4
TOP OF THE 5TH
Gwinnett Braves batting - Pitching for Toledo Mud Hens : LHP Bryan Curry
Batting: RHB Adam Brading 0-0: Ball
1-0: Ball
2-0: Fly out, F8 (Line Drive, 8RM, EV 89.4 MPH)
Batting: LHB Casey Faler 0-0: Called Strike
0-1: Swinging Strike
0-2: Strikes out looking
Batting: RHB Arthur Dennis 0-0: Called Strike
0-1: Swinging Strike
0-2: Ball
1-2: Strikes out looking
Top of the 5th over - 0 runs, 0 hits, 0 errors, 0 left on base; Gwinnett 3 - Toledo 4
BOTTOM OF THE 5TH
Toledo Mud Hens batting - Pitching for Gwinnett Braves : RHP Clodio Benido
Batting: RHB Joe Markwood 0-0: Ball
1-0: Foul Ball, location: 5FF
1-1: Swinging Strike
1-2: Foul Ball, location: 7LMF
1-2: Strikes out swinging
Batting: LHB Mike Mendoza 0-0: Swinging Strike
0-1: Foul Ball, location: 23F
0-2: Fly out, F9 (Flyball, 89S, EV 94.4 MPH)
Batting: LHB Nick Penix 0-0: Called Strike
0-1: Ball
1-1: Foul Ball, location: 2F
1-2: Foul Ball, location: 5F
1-2: SOLO HOME RUN (Flyball, 89XD, EV 111.9 MPH), Distance : 414 ft
Batting: LHB Marcus Peterson 0-0: Swinging Strike
0-1: Ball
1-1: Called Strike
1-2: Foul Ball, location: 7LMF
1-2: Ball
2-2: Fly out, F8 (Flyball, 8LD, EV 91.9 MPH)
Bottom of the 5th over - 1 run, 1 hit, 0 errors, 0 left on base; Gwinnett 3 - Toledo 5
TOP OF THE 6TH
Gwinnett Braves batting - Pitching for Toledo Mud Hens : LHP Bryan Curry
Batting: SHB Oscar Ramirez 0-0: Called Strike
0-1: Foul Ball, location: 3SF
0-2: Ball
1-2: Ball
2-2: Ground out 5-3 (Groundball, 56, EV 109.4 MPH)
Batting: RHB Dave Foley 0-0: Foul Ball, location: 9LDF
0-1: SINGLE (Groundball, 34D, EV 99.4 MPH)
Batting: LHB John Simon 0-0: Fly out, F9 (Flyball, 9, EV 89.4 MPH)
Batting: LHB David Ploski 0-0: Ball
1-0: Fly out, F9 (Flyball, 89M, EV 86.3 MPH)
Top of the 6th over - 0 runs, 1 hit, 0 errors, 1 left on base; Gwinnett 3 - Toledo 5
BOTTOM OF THE 6TH
Toledo Mud Hens batting - Pitching for Gwinnett Braves : RHP Clodio Benido
Batting: RHB Jon Robinson 0-0: Fly out, F8 (Line Drive, 8LM, EV 108.1 MPH)
Batting: LHB Dave Ruiz 0-0: Ball
1-0: Foul Ball, location: 2F
1-1: Swinging Strike
1-2: Ball
2-2: Fly out, F7 (Flyball, 7S, EV 88.1 MPH)
Batting: LHB John Castaneda 0-0: Ball
1-0: Swinging Strike
1-1: Foul Ball, location: 5SF
1-2: Foul Ball, location: 2F
1-2: Strikes out looking
Bottom of the 6th over - 0 runs, 0 hits, 0 errors, 0 left on base; Gwinnett 3 - Toledo 5
TOP OF THE 7TH
Gwinnett Braves batting - Pitching for Toledo Mud Hens : LHP Bryan Curry
Now at 3B: Elias Frias
Now in LF: Justin Kenworthy
Now in CF: Jason Schneider
Batting: RHB Tim Grabowski 0-0: Swinging Strike
0-1: Foul Ball, location: 9LSF
0-2: Foul Ball, location: 2F
0-2: Ball
1-2: Foul Ball, location: 23F
1-2: Ball
2-2: Fly out, F8 (Flyball, 8RS, EV 79.4 MPH)
Batting: LHB Rob Swope 0-0: Foul Ball, location: 7LMF
0-1: Called Strike
0-2: Ball
1-2: Strikes out swinging
Batting: RHB Adam Brading 0-0: Ball
1-0: Foul Ball, location: 2F
1-1: SINGLE (Groundball, 6D, EV 98.8 MPH)
Batting: LHB Casey Faler 0-0: Fielders Choice at 2nd, 5-4 (Groundball, 56, EV 86.3 MPH)
Top of the 7th over - 0 runs, 1 hit, 0 errors, 1 left on base; Gwinnett 3 - Toledo 5
BOTTOM OF THE 7TH
Toledo Mud Hens batting - Pitching for Gwinnett Braves : RHP Clodio Benido
Pitching: RHP Mike Whitesel
Batting: LHB Justin Kenworthy 0-0: Foul Ball, location: 2F
0-1: Ball
1-1: Called Strike
1-2: Ball
2-2: Ball
3-2: Foul Ball, location: 7LMF
3-2: Foul Ball, location: 7LMF
3-2: Ground out 2-3 (Groundball, 15S, EV 71.9 MPH)
Batting: LHB Chris Johnson 0-0: Ball
1-0: Called Strike
1-1: Fly out, F8 (Line Drive, 8RD, EV 88.8 MPH)
Batting: RHB Joe Markwood 0-0: Called Strike
0-1: Foul Ball, location: 7LSFF
0-2: Ball
1-2: Ball
2-2: Ball
3-2: Foul Ball, location: 5F
3-2: Base on Balls
Batting: LHB Jason Schneider 0-0: Foul Ball, location: 5SF
0-1: Fly out, F9 (Flyball, 89S, EV 81.9 MPH)
Bottom of the 7th over - 0 runs, 0 hits, 0 errors, 1 left on base; Gwinnett 3 - Toledo 5
TOP OF THE 8TH
Gwinnett Braves batting - Pitching for Toledo Mud Hens : LHP Bryan Curry
Now in LF: Joe Burgoon
Now in RF: Justin Kenworthy
Batting: RHB Arthur Dennis 0-0: SINGLE (Groundball, 34D, EV 98.8 MPH)
Batting: SHB Oscar Ramirez 0-0: Foul Ball, location: 5SF
0-1: Foul Ball, location: 5F
0-2: Foul Ball, location: 23F
0-2: Ball
1-2: Foul Ball, location: 2F
1-2: Strikes out swinging
Batting: RHB Dave Foley 0-0: Ball
1-0: Called Strike
1-1: Called Strike
1-2: Fielders Choice at 2nd, 5-4 (Groundball, 56S, EV 92.5 MPH)
Batting: LHB John Simon 0-0: Ball
1-0: SINGLE (Line Drive, 5D, EV 94.4 MPH)
Dave Foley to second
Pinch Runner at 2nd Israel Lopez:
Pinch Hitting: RHB Joe Henkels 0-0: Called Strike
0-1: Called Strike
0-2: Strikes out looking
Top of the 8th over - 0 runs, 2 hits, 0 errors, 2 left on base; Gwinnett 3 - Toledo 5
BOTTOM OF THE 8TH
Toledo Mud Hens batting - Pitching for Gwinnett Braves : RHP Mike Whitesel
Pitching: LHP Danny Lowery
Now at 2B: Joe Henkels
Now in RF: Israel Lopez
Batting: LHB Nick Penix 0-0: Ball
1-0: DOUBLE (Line Drive, 9LM, EV 99.4 MPH)
Batting: RHB Joe Burgoon 0-0: Ball
1-0: Fly out, F2 (Popup, 3SF, EV 86.9 MPH)
Batting: RHB Jon Robinson 0-0: Intentional Walk
Batting: RHB Ray Gold 0-0: Swinging Strike
0-1: Swinging Strike
0-2: Foul Ball, location: 9LMF
0-2: Ball
1-2: Ball
2-2: Foul Ball, location: 9LDF
2-2: Strikes out swinging
Batting: RHB Elias Frias 0-0: Called Strike
0-1: Foul Ball, location: 25F
0-2: Ball
1-2: Foul Ball, location: 2F
1-2: Fielders Choice at 2nd, 6-4 (Groundball, 6, EV 80.0 MPH)
Bottom of the 8th over - 0 runs, 1 hit, 0 errors, 2 left on base; Gwinnett 3 - Toledo 5
TOP OF THE 9TH
Gwinnett Braves batting - Pitching for Toledo Mud Hens : LHP Bryan Curry
Batting: RHB Tim Grabowski 0-0: Ball
1-0: Called Strike
1-1: Ball
2-1: Ball
3-1: Fly out, F8 (Flyball, 8LS, EV 95.6 MPH)
Batting: LHB Rob Swope 0-0: Ball
1-0: Ball
2-0: Foul Ball, location: 3FF
2-1: Ball
3-1: Called Strike
3-2: Fly out, F4 (Line Drive, 4, EV 76.3 MPH)
Batting: RHB Adam Brading 0-0: SOLO HOME RUN (Line Drive, 78XD, EV 103.8 MPH), Distance : 415 ft
Batting: LHB Casey Faler 0-0: Called Strike
0-1: Ball
1-1: Ground out 4-3 (Groundball, 34, EV 91.3 MPH)
Top of the 9th over - 1 run, 1 hit, 0 errors, 0 left on base; Gwinnett 4 - Toledo 5
Friday, May 3rd , 2024 - OOTP Baseball 24.11 Build 85